AoeStats
← 布丁

Black Forest

506623503Analyzed
4v4 RM · 17d ago on Sep 14, 2026· 68m 27s· 8 players
Game mode
Random Map
Map size
Large (8 player)
Population
200
Speed
Normal
Resources
Standard
Victory
Conquest
Starting age
Dark Age
Ending age
Imperial Age
RankedLock teamsTeams togetherTeam positionsShared explorationLock speedFull tech treeHidden civsTurbo modeCheats
Victory
Defeat
🇵🇱 Bohemians · Poland
887
+16
🇨🇾 Ethiopians · Cyprus
859
+17
🇹🇼 Goths · Taiwan
853
+18
🇪🇸 Turks · Spain
834
+18
🇨🇱 Chinese · Chile
949
-19
🇨🇱 Japanese · Chile
938
-19
🇨🇱 Byzantines · Chile
867
-17
🇨🇱 Poles · Chile
812
-14
Czang_kaj
11:55 Feudal Age
13:14 Wheelbarrow
12:29 Double-Bit Axe
18:11 Castle Age
16:20 Horse Collar
16:24 Fishing Lines
19:07 Bow Saw
21:36 Hand Cart
21:55 Gillnets
22:11 Heavy Plow
26:06 Town Watch
28:40 Padded Archer Armor
28:50 Forging
28:31 Fletching
30:03 Town Patrol
30:37 Wagenburg Tactics
30:30 Loom
31:47 Leather Archer Armor
36:31 Imperial Age
34:22 Bodkin Arrow
35:02 Iron Casting
35:33 Chemistry
34:53 Ballistics
35:57 Caravan
37:45 Ring Archer Armor
37:16 Bracer
38:17 Blast Furnace
36:44 Elite Hussite Wagon
46:42 Arrowslits
47:08 Masonry
51:04 Two-Man Saw
布丁
1:00 Loom
14:06 Feudal Age
16:15 Wheelbarrow
18:56 Castle Age
17:40 Double-Bit Axe
18:02 Horse Collar
21:43 Hand Cart
28:52 Elite Skirmisher
30:33 Scale Mail Armor
30:44 Forging
30:55 Bow Saw
30:50 Heavy Plow
36:58 Imperial Age
35:33 Anarchy
34:59 Pikeman
35:39 Squires
36:04 Chain Mail Armor
36:25 Iron Casting
35:41 Fletching
39:20 Caravan
40:34 Chemistry
40:01 Perfusion
40:22 Conscription
42:49 Bodkin Arrow
43:55 Blast Furnace
44:45 Padded Archer Armor
51:07 Halberdier
54:46 Bracer
55:01 Leather Archer Armor
54:13 Elite Huskarl
55:00 Gold Mining
55:01 Stone Mining
kikekalimar
0:33 Loom
14:26 Feudal Age
14:59 Double-Bit Axe
15:51 Wheelbarrow
16:09 Gold Mining
16:01 Horse Collar
18:02 Stone Mining
19:21 Man-at-Arms
23:08 Castle Age
24:18 Bow Saw
24:18 Caravan
27:39 Gold Shaft Mining
30:12 Forging
29:52 Fletching
29:30 Long Swordsman
30:17 Scale Barding Armor
30:13 Scale Mail Armor
32:12 Iron Casting
35:05 Imperial Age
34:28 Heavy Plow
35:05 Bodkin Arrow
35:10 Padded Archer Armor
36:02 Hand Cart
36:01 Artillery
36:24 Bracer
36:22 Two-Handed Swordsman
40:32 Blast Furnace
45:33 Elite Janissary
46:11 Arrowslits
46:46 Ballistics
60:00 Treadmill Crane
64:05 Two-Man Saw
63:36 Heated Shot
koukakisvasilis1
0:28 Loom
14:33 Feudal Age
15:48 Double-Bit Axe
15:47 Horse Collar
17:38 Wheelbarrow
17:33 Gold Mining
17:57 Fletching
18:08 Padded Archer Armor
20:22 Padded Archer Armor
20:32 Forging
20:59 Stone Mining
26:58 Castle Age
24:56 Town Watch
28:31 Bow Saw
28:57 Gold Shaft Mining
28:27 Crossbowman
29:49 Caravan
31:46 Coinage
32:47 Hand Cart
33:39 Stone Shaft Mining
33:40 Ballistics
35:12 Bodkin Arrow
35:32 Leather Archer Armor
35:53 Iron Casting
39:22 Imperial Age
39:30 Onager
40:21 Elite Shotel Warrior
43:23 Banking
44:05 Chemistry
45:17 Guilds
46:20 Two-Man Saw
45:22 Heavy Plow
45:37 Masonry
47:35 Architecture
47:16 Fortified Wall
46:42 Siege Onager
50:57 Heavy Scorpion
53:01 Bracer
58:17 Town Patrol
59:53 Blast Furnace
58:49 Heated Shot
61:46 Scale Mail Armor
67:28 Chain Mail Armor
67:44 Ring Archer Armor
67:19 Scale Barding Armor
MarcoAntonio
1:45 Loom
15:17 Feudal Age
17:14 Wheelbarrow
17:24 Horse Collar
17:41 Double-Bit Axe
18:30 Arson
18:06 Man-at-Arms
19:37 Scale Mail Armor
21:23 Gold Mining
21:24 Stone Mining
27:44 Castle Age
26:30 Man-at-Arms
29:51 Bow Saw
29:45 Heavy Plow
30:07 Chain Mail Armor
29:13 Long Swordsman
29:39 Gambesons
30:47 Gold Shaft Mining
31:17 Caravan
32:07 Hand Cart
37:56 Imperial Age
35:42 Pikeman
36:22 Squires
38:02 Elite Samurai
38:05 Capped Ram
39:28 Plate Mail Armor
41:11 Two-Handed Swordsman
59:07 Onager
61:38 Cavalier
62:19 Husbandry
64:02 Two-Man Saw
64:27 Forging
64:22 Scale Barding Armor
64:21 Heavy Scorpion
65:48 Iron Casting
66:43 Chain Barding Armor
68:58 Blast Furnace
Cristobal1012
11:49 Feudal Age
13:00 Double-Bit Axe
14:30 Wheelbarrow
18:05 Arson
21:06 Castle Age
20:08 Wheelbarrow
23:31 Hand Cart
23:37 Bow Saw
23:58 Stone Mining
28:22 Scale Mail Armor
35:14 Ballistics
34:35 Treadmill Crane
35:07 Fortified Wall
35:09 Masonry
34:58 Murder Holes
41:18 Imperial Age
44:04 Elite Obuch
46:20 Chemistry
45:05 Arrowslits
47:04 Siege Engineers
66:38 Chain Mail Armor
yethro.rd
2:49 Loom
11:40 Feudal Age
13:22 Double-Bit Axe
20:07 Castle Age
18:32 Horse Collar
20:53 Pikeman
24:54 Heavy Plow
24:49 Fletching
26:06 Husbandry
27:17 Wheelbarrow
27:30 Scale Barding Armor
31:34 Fervor
33:10 Scale Mail Armor
34:56 Murder Holes
35:31 Squires
38:25 Imperial Age
38:40 Cavalier
42:13 Light Cavalry
47:09 Chain Barding Armor
46:45 Bodkin Arrow
49:59 Hussar
51:06 Forging
56:08 Paladin
59:25 Chain Mail Armor
gjdelcam
11:34 Feudal Age
12:30 Double-Bit Axe
20:14 Castle Age
18:46 Fishing Lines
19:34 Gold Mining
20:27 Fletching
20:29 Horse Collar
21:04 Padded Archer Armor
21:54 Bodkin Arrow
22:19 Bow Saw
24:10 Gold Shaft Mining
24:44 Leather Archer Armor
24:32 Stone Mining
25:48 Heavy Plow
30:58 Imperial Age
28:17 Loom
28:58 Masonry
30:08 Wheelbarrow
29:19 Town Watch
30:26 Murder Holes
31:48 Bracer
32:54 Chemistry
32:15 Ballistics
31:37 Capped Ram
32:48 Conscription
34:33 Ring Archer Armor
34:55 Architecture
34:08 Elite Chu Ko Nu
34:41 Heavy Rocket Cart
36:28 Rocketry
38:37 Two-Man Saw
Connection lost

Rejoining the realm…

Still unreachable

The connection could not be restored.

Session expired

The server has moved on; the page needs a fresh start.